 Dungeon Crawl Stone Soup version 0.30-a0-779-g7971cf19c3 (webtiles) character file.

Game seed: 12696898505476314997

1741 Esekla the Covert (level 9, -10/61 HPs)
             Began as an Octopode Delver on Feb 17, 2023.
             Was an Initiate of Gozag.
             Mangled by a human
             ... wielding a +1 heavy hand axe
              (14 damage)
             ... in a bailey.
             The game lasted 00:37:18 (6364 turns).

Esekla the Covert (Octopode Delver)                 Turns: 6364, Time: 00:37:19

Health: -10/61     AC:  1    Str: 13    XL:     9   Next: 5%
Magic:  14/14      EV: 14    Int: 20    God:    Gozag
Gold:   326        SH:  5    Dex: 13    Spells: 11/14 levels left

rFire   + . .      SeeInvis .    v - +1 dagger (venom)
rCold   . . .      Faith    .    (no shield)
rNeg    + . .      Spirit   .    (helmet restricted)
rPois   +          Reflect  +    D - amulet of reflection
rElec   +          Harm     .    z - ring of protection from fire
rCorr   .          Rampage  .    J - ring "Ebaclas" {rElec rPois rN+ Str+2 Int+3}
Will    .....                    (no ring)
Stlth   +++++                    (no ring)
HPRegen 0.30/turn                (no ring)
MPRegen 0.14/turn                (no ring)
                                 (no ring)
                                 (no ring)

@: gold aura, studying Shields, invisible
A: almost no armour, amphibious, 8 rings, camouflage 1, gelatinous body 1,
(nimble swimmer 1), tentacles
a: Renounce Religion, Potion Petition, Call Merchant, Bribe Branch


You were in a bailey.
You worshipped Gozag.
Gozag was aware of your devotion.
You visited 2 branches of the dungeon, and saw 9 of its levels.
You also visited: Bailey.

You collected 1105 gold pieces.
You spent 772 gold pieces at shops.
You paid 7 gold pieces to Gozag.

Inventory:

Hand Weapons
 a - a +0 long sword
 e - a +1 dagger of electrocution
 r - a +0 trident
 v - a +1 dagger of venom (weapon)
Missiles
 o - 2 boomerangs
 C - 22 poisoned darts (quivered)
Jewellery
 w - an amulet of regeneration
 z - a ring of protection from fire (left tentacle)
 D - an amulet of reflection (around mantle)
 J - the ring "Ebaclas" (right tentacle) {rElec rPois rN+ Str+2 Int+3}
   (You bought it in a shop on level 8 of the Dungeon)

   [ring of poison resistance]

   Str:       It affects your strength (+2).
   Int:       It affects your intelligence (+3).
   rElec:     It insulates you from electricity.
   rPois:     It protects you from poison.
   rN:        It protects you from negative energy.
Wands
 f - a wand of digging (3)
 h - a wand of flame (27)
 I - a wand of iceblast (13)
Scrolls
 b - 2 scrolls of fog
 c - 2 scrolls of amnesia {unknown}
 l - 2 scrolls of enchant weapon {unknown}
 n - 2 scrolls of enchant armour {unknown}
 t - a scroll of poison {unknown}
 u - 3 scrolls of teleportation {unknown}
 y - a scroll of acquirement {unknown}
 B - 2 scrolls of noise {unknown}
 F - a scroll of blinking {unknown}
 H - 2 scrolls of identify
Potions
 d - 3 potions of might
 g - a potion of cancellation {unknown}
 i - 4 potions of lignification
 k - 3 potions of mutation
 m - 4 potions of attraction
 q - 4 potions of curing
 s - a potion of magic
 x - a potion of ambrosia {unknown}
 E - a potion of resistance
 G - a potion of flight {unknown}


   Skills:
 * Level 5.5 Fighting
 + Level 3.6(4.7) Short Blades
 * Level 4.5(5.1) Long Blades
 + Level 1.5 Throwing
 * Level 4.2 Dodging
 + Level 9.9 Stealth
 * Level 4.2 Shields
 * Level 3.4 Spellcasting
 * Level 0.2 Hexes


You had 11 spell levels left.
You knew the following spells:

 Your Spells              Type           Power      Damage    Failure   Level
t - Tukima's Dance        Hex            4%         N/A       36%         3

Your spell library contained the following spells:

 Spells                   Type           Power      Damage    Failure   Level
 Kindle Blastsparks       Fire/Tloc/Air  6%         2d10      38%         3
 Fulminant Prism          Conj/Hex       1%         3d5       78%         4
 Iskenderun's Mystic Bla  Conj/Tloc      3%         2d3       80%         4
 Passage of Golubria      Tloc           3%         N/A       80%         4
 Lee's Rapid Deconstruct  Erth           1%         3d4*      98%         5
 Yara's Violent Unravell  Hex/Tmut       1%         3d3       98%         5


Dungeon Overview and Level Annotations

Branches:
Dungeon (8/15)             Temple (1/1) D:5          Bailey (1/1)
   Lair: D:8-11

Altars:
Dithmenos
Gozag
Kikubaaqudgha
Sif Muna
Vehumet
Wu Jian
Xom
The Shining One

Shops:
D:5 [   D:6 *   D:8 =*

Annotations:
D:6 1 runed translucent door, billybob123456's ghost, novice AtFi


Innate Abilities, Weirdness & Mutations

You cannot wear most types of armour.
You are amphibious.
You can wear up to eight rings at the same time.
Your skin changes colour to match your surroundings (Stealth+).
Your rubbery body absorbs attacks. (AC +1, EV +1)
((You are camouflaged when in or above water. (Stealth+)))
You have tentacles for arms and can constrict up to eight enemies at once.


Message History

The human struggles to escape constriction.
The human mutters, "Damn and blast!"; The human wails, "Help!"
The human escapes!
You hit the human.
The human looks as sick as possible!
Your attack snaps the human out of its fear.
The human is heavily wounded.
You constrict the human, but do no damage. x2
A gnoll comes into view. It is wielding a +0 hand axe.
The human hits you with a +0 war axe!
The human struggles to escape constriction.
You hit the human but do no damage.
The human looks as sick as possible!
Your attack snaps the human out of its fear.
You squeeze the human.
The human is heavily wounded.
You constrict the human.
You constrict the human, but do no damage.
The human hits you with a +0 war axe!
* * * LOW HITPOINT WARNING * * *
The human gives up.
You hit the human but do no damage.
The human looks as sick as possible!
The human is severely wounded.
You constrict the human, but do no damage.
You constrict the human.
A human comes into view. It is wielding a +0 war axe.
The human hits you with a +0 war axe!
* * * LOW HITPOINT WARNING * * *
The human misses you.
You hit the gnoll but do no damage.
The gnoll is poisoned.
You grab the gnoll. Your squeeze misses the gnoll.
You constrict the human, but do no damage.
You constrict the human. You constrict the gnoll.
You fade into invisibility!
You constrict the human, but do no damage.
You constrict the human.
You constrict the gnoll, but do no damage.
The gnoll misses you. The human hits you with a +0 war axe.
* * * LOW HITPOINT WARNING * * *
The human hits you with a +1 heavy hand axe!
You die...
Your body crumbles into a pile of gold.

##### ..
##p~~##
..p#p~~~~#
...'~~~~~#####
..#~~~$##...##
##~~p@g.∩..#
#####p....#
#...g'..∩..#
..p...##...##
...... #####
#####


You could see 5 humans and a gnoll (unable to see you, very poisoned).

Vanquished Creatures
  A wraith (D:7)
  A steam dragon (D:7)
  A water moccasin (D:5)
  A sky beast (D:7)
  2 black bears
  A centaur (D:8)
  2 phantoms
  3 bullfrogs
  A kobold brigand (D:6)
  2 necrophages
  4 hounds
  A gnoll bouda (D:5)
  A jelly (D:3)
  Jessica (D:3)
  2 orc wizards
  3 gnolls
  6 adders
  A shadow imp (D:6)
  A white imp (D:7)
  8 worms
  2 dart slugs
  16 orcs
  5 endoplasms
  4 giant cockroaches
  8 goblins
  13 hobgoblins
  2 jackals (D:3)
  15 kobolds
  3 quokkas
  3 ball pythons
  5 bats
  4 frilled lizards
  3 rats
126 creatures vanquished.

Notes
Turn   | Place    | Note
-------+----------+-------------------------------------------
     0 | D:5      | Esekla the Octopode Delver began the quest for the Orb.
     0 | D:5      | Reached XP level 1. HP: 16/16 MP: 1/1
    53 | D:5      | Noticed a black bear
    75 | D:5      | Found a staircase to the Ecumenical Temple.
    81 | Temple   | Entered the Ecumenical Temple
    97 | Temple   | Became a worshipper of Gozag Ym Sagoz the Greedy
   143 | D:5      | Noticed a centaur
   178 | D:5      | Found Gewna's Antique Armour Shoppe.
   264 | D:3      | Noticed an orc wizard
   498 | D:1      | Reached XP level 2. HP: 21/21 MP: 2/2
   697 | D:1      | Reached skill level 7 in Stealth
   837 | D:1      | Reached XP level 3. HP: 26/26 MP: 3/3
  1385 | D:2      | Reached XP level 4. HP: 25/31 MP: 3/5
  1451 | D:2      | Found an ornate altar of the Wu Jian Council.
  1673 | D:2      | Reached skill level 1 in Spellcasting
  1762 | D:3      | Noticed Jessica
  1764 | D:3      | Killed Jessica
  1765 | D:3      | Reached skill level 1 in Short Blades
  1765 | D:3      | Reached XP level 5. HP: 36/36 MP: 6/6
  1824 | D:3      | Reached skill level 8 in Stealth
  2887 | D:4      | Noticed a phantom
  2899 | D:4      | Killed a phantom
  2900 | D:4      | Reached XP level 6. HP: 43/43 MP: 8/8
  2907 | D:4      | Found a shadowy altar of Dithmenos.
  3466 | D:5      | Noticed a water moccasin
  3594 | D:5      | Killed a water moccasin
  3595 | D:5      | Reached skill level 1 in Shields
  3595 | D:5      | Reached XP level 7. HP: 12/48 MP: 8/10
  4466 | D:5      | Reached skill level 9 in Stealth
  4677 | D:6      | Found Osuigr Jira's General Store.
  4680 | D:6      | Bought a scroll of identify for 26 gold pieces
  4680 | D:6      | Bought a potion of heal wounds for 65 gold pieces
  4874 | D:6      | Found a runed translucent door.
  4874 | D:6      | Noticed billybob123456's ghost (novice AtFi)
  5051 | D:6      | Reached XP level 8. HP: 54/54 MP: 11/11
  5504 | D:7      | Noticed a wraith
  5522 | D:7      | Killed a wraith
  5523 | D:7      | Reached skill level 5 in Fighting
  5523 | D:7      | Reached skill level 1 in Throwing
  6256 | D:8      | Reached XP level 9. HP: 58/61 MP: 14/14
  6276 | D:8      | Found Solewevi's CLEARANCE SALE!.
  6293 | D:8      | Found Ybeeklau's Jewellery Emporium.
  6302 | D:8      | Bought the ring "Ebaclas" {rElec rPois rN+ Str+2 Int+3} for
                  | 681 gold pieces
  6307 | D:8      | Found a flagged portal.
  6320 | D:8      | Learned a level 3 spell: Tukima's Dance
  6321 | Bailey   | Entered a bailey
  6364 | Bailey   | Mangled by a human

Illustrated notes

Levels and vault maps discovered:
D:1:      tarquinn_simple_flora_water_c, layout_loops_ring, nicolae_titane
D:2:      layout_rooms, basic_altar
D:3:      layout_loops_ring, uniq_jessica
D:4:      layout_basic, nicolae_dithmenos_the_darkroom
D:5:      layout_loops_ring, minmay_temple_entry_mini_moons, serial_shops,
          shop_fountains
D:6:      layout_basic, serial_shops, shop, gammafunk_ghost_grave
D:7:      layout_basic, kennysheep_nub, hex_intersection,
          grunt_decor_mini_mirrors
D:8:      layout_loops_ring, serial_shops, shop, enter_bailey_8,
          grunt_ogre_cave, nicolae_shop_clearance
Temple:   nicolae_temple_bog_church
Bailey:   bailey_axe_froggy_fort_hellmonk, bailey

Skill      XL: |  1  2  3  4  5  6  7  8 |
---------------+-------------------------+-----
Stealth        | 7 8 9 |  9.9
Spellcasting   | 1 2 3 |  3.4
Short Blades   | 1 2 3 |  3.6
Long Blades    | 3 4 |  4.5
Fighting       | 4 5 |  5.5
Dodging        | 3 4 |  4.2
Shields        | 1 2 4 |  4.2
Throwing       | 1 |  1.5
Hexes          | |  0.2

Action                     |  1- 3 |  4- 6 |  7- 9 || total
---------------------------+-------+-------+-------++-------
  Melee: Falchion          |     7 |    14 |     3 ||    24
         Dagger            |    57 |    91 |    99 ||   247
         Tentacles         |    15 |    34 |    26 ||    75
         Constrict         |    15 |    27 |    23 ||    65
         Punch             |       |       |     1 ||     1
  Throw: Boomerang         |       |     5 |       ||     5
         Dart              |       |       |    10 ||    10
    Use: Scroll            |     2 |     1 |     7 ||    10
         Potion            |     1 |     5 |     3 ||     9
   Stab: Sleeping          |    13 |    16 |    10 ||    39
         Distracted        |     1 |       |     1 ||     2
 Armour: Skin              |     2 |     4 |     2 ||     8
  Dodge: Dodged            |    27 |    39 |    45 ||   111
  Block: Other             |       |     3 |    20 ||    23
         Reflection        |       |       |     1 ||     1

Table legend: (Time is in decaauts)
 A = Elapsed time spent in this place.
 B = Non-inter-level travel time spent in this place.
 C = Inter-level travel time spent in this place.
 D = Time resting spent in this place.
 E = Time spent auto-exploring this place.
 F = Levels seen in this place.
 G = Mean time per level.
                   A        B        C        D        E       F      G
               +--------+--------+--------+--------+--------+-----+--------+
         Total |   6295 |   6124 |    171 |   1089 |   1681 |  10 |  629.5 |
       Dungeon |   6229 |   6068 |    161 |   1080 |   1674 |   8 |  778.6 |
        Temple |     27 |     17 |     10 |      0 |      7 |   1 |   27.0 |
        Bailey |     38 |     38 |      0 |      9 |      0 |   1 |   38.0 |
               +--------+--------+--------+--------+--------+-----+--------+

Top non-repeatable levels by time:
     D:4: 1318 daAuts
     D:5: 1040 daAuts
     D:3: 945 daAuts
     D:7: 777 daAuts
     D:1: 711 daAuts
     D:2: 622 daAuts
     D:6: 621 daAuts
     D:8: 191 daAuts
  Bailey: 38 daAuts
  Temple: 27 daAuts
